 Dungeon Crawl Stone Soup version 0.29.1-2-gbd0b4ee654 (webtiles) character file.

Game seed: 17163953858283425259

119 DemonSlayer the Firebug (level 4, -3/30 HPs)
             Began as a Demonspawn Fire Elementalist on Oct 31, 2022.
             Slain by a phantom (7 damage)
             ... on level 6 of the Dungeon.
             The game lasted 00:04:49 (2740 turns).

DemonSlayer the Firebug (DsFE)                      Turns: 2740, Time: 00:04:49

Health: -3/30      AC:  5    Str:  8    XL:     4   Next: 73%
Magic:  1/8        EV: 12    Int: 19    God:
Gold:   71         SH:  0    Dex: 13    Spells: 3/9 levels left

rFire   . . .      SeeInvis +   b - +0 spear
rCold   . . .      Faith    .   (no shield)
rNeg    . . .      Spirit   .   a - +0 robe
rPois   .          Reflect  .   (no helmet)
rElec   .          Harm     .   (no cloak)
rCorr   .          Rampage  .   k - +1 pair of gloves
Will    .....                   (no boots)
Stlth   ++........              (no amulet)
HPRegen 0.10/turn               d - ring of see invisible
MPRegen 0.11/turn               (no ring)

@: hasted, very quick
A: foul stench 1, sharp scales 1
a: no special abilities


You were on level 6 of the Dungeon.
You visited 1 branch of the dungeon, and saw 5 of its levels.

You collected 71 gold pieces.

Inventory:

Hand Weapons
 b - a +0 spear (weapon)
Armour
 a - a +0 robe (worn)
 k - a +1 pair of gloves (worn)
Jewellery
 d - a ring of see invisible (left hand)
Scrolls
 f - a scroll of identify {unknown}
 h - a scroll of fear
 j - a scroll of poison {unknown}
Potions
 i - a potion of experience {unknown}


   Skills:
 + Level 0.1 Fighting
 + Level 0.4 Polearms
 + Level 2.1 Dodging
 + Level 2.3 Stealth
 + Level 3.0 Spellcasting
 + Level 2.0 Conjurations
 + Level 3.5 Fire Magic


You had 3 spell levels left.
You knew the following spells:

 Your Spells              Type           Power      Damage    Failure   Level
a - Foxfire               Conj/Fire      52%        2x1d6     4%          1
b - Scorch                Fire           32%        2d7       5%          2
c - Conjure Flame         Conj/Fire      13%        6-21      14%         3

Your spell library contained the following spells:

 Spells                   Type           Power      Damage    Failure   Level
 Ensorcelled Hibernation  Hex/Ice        4%         N/A       22%         2
 Passwall                 Tmut/Erth      1%         N/A       22%         2
 Inner Flame              Hex/Fire       9%         N/A       22%         3
 Summon Guardian Golem    Hex/Summ       2%         N/A       41%         3
 Swiftness                Air            2%         N/A       41%         3
 Flame Wave               Conj/Fire      13%        2d6       43%         4
 Orb of Destruction       Conj           5%         9d5       100%        7
 Spellforged Servitor     Conj/Summ      3%         N/A       100%        7


Dungeon Overview and Level Annotations

Branches:
Dungeon (6/15)
 Temple: D:4-7

Altars:


Innate Abilities, Weirdness & Mutations

You may rarely emit foul miasma when damaged in melee.
You are partially covered in razor-sharp scales. (AC +1, Slay +1)


Message History

The phantom is severely damaged.
You completely miss the phantom.
The phantom is severely damaged.
The phantom barely misses you.
You hit the phantom but do no damage.
The phantom is severely damaged.
The phantom hits you.
You closely miss the phantom.
The phantom is severely damaged.
You miss the phantom.
The phantom is severely damaged.
The phantom hits you.
* * * LOW HITPOINT WARNING * * *
You closely miss the phantom.
The phantom is severely damaged.
The phantom completely misses you.
You hit the phantom.
The phantom is almost destroyed.
The phantom hits you.
* * * LOW HITPOINT WARNING * * *
The phantom blinks!
You blink.
You hit the phantom but do no damage.
The phantom is almost destroyed.
You feel less attractive to monsters.
You hit the phantom.
The phantom is almost destroyed.
The phantom closely misses you.
You barely miss the phantom.
The phantom is almost destroyed.
The phantom hits you.
* * * LOW HITPOINT WARNING * * *
You closely miss the phantom.
The phantom is almost destroyed.
You hit the phantom.
The phantom is almost destroyed.
The phantom misses you.
You hit the phantom but do no damage. Your punch misses the phantom.
The phantom is almost destroyed.
The phantom hits you!
You die...

...# #..#
#####..#
#.....<#
#.####.# .
##.######
...###.......#
............W#
..####......@#
#########


You could see a phantom.

Vanquished Creatures
  A scorpion (D:5)
  2 adders
  3 ball pythons
  4 endoplasms (D:2)
  2 giant cockroaches
  8 goblins
  4 hobgoblins
  3 quokkas (D:2)
  6 bats
  2 frilled lizards
  2 kobolds
  2 rats (D:2)
39 creatures vanquished.

Vanquished Creatures (others)
  149 foxfires
149 creatures vanquished.

Grand Total: 188 creatures vanquished

Notes
Turn   | Place    | Note
-------+----------+-------------------------------------------
     0 | D:1      | DemonSlayer the Demonspawn Fire Elementalist began the
                  | quest for the Orb.
     0 | D:1      | Reached XP level 1. HP: 13/13 MP: 3/3
   642 | D:1      | Gained mutation: You may rarely emit foul miasma when
                  | damaged in melee. [demonic ancestry]
   642 | D:1      | Reached XP level 2. HP: 18/19 MP: 0/5
   645 | D:1      | Learned a level 2 spell: Scorch
  1427 | D:2      | Reached XP level 3. HP: 24/24 MP: 1/6
  2595 | D:2      | Learned a level 3 spell: Conjure Flame
  2622 | D:3      | You fall into a shaft and drop 2 floors!
  2622 | D:5      | Entered Level 5 of the Dungeon
  2689 | D:5      | Noticed a scorpion
  2691 | D:5      | Noticed a phantom
  2694 | D:5      | Killed a scorpion
  2695 | D:5      | Gained mutation: You are partially covered in razor-sharp
                  | scales. (AC +1, Slay +1) [demonic ancestry]
  2695 | D:5      | Reached XP level 4. HP: 17/30 MP: 0/8
  2740 | D:6      | Slain by a phantom

Illustrated notes

Levels and vault maps discovered:
D:1:      minmay_arrival_doors, layout_loops_ring
D:2:      layout_loops_ring
D:3:      layout_rooms, chequers_ecumenical_altar_simple_redux,
          hangedman_feature_mirror, grunt_ministairs_3, lightli_corner_chamber
D:5:      layout_basic, elyvilon_altar_3, kennysheep_potato
D:6:      layout_rooms, okawaru_gym_becter, lemuel_coloured_pillars_altar,
          uniq_grinder

Skill      XL: |  1  2  3 |
---------------+----------+-----
Dodging        | 2 |  2.1
Fire Magic     | 3 |  3.5
Stealth        | 2 |  2.3
Spellcasting   | 3 |  3.0
Conjurations   | 2 |  2.0
Fighting       | |  0.1
Polearms       | |  0.4

Action                   |  1- 3 |  4- 6 || total
-------------------------+-------+-------++-------
Melee: Unarmed           |    12 |       ||    12
       Spear             |    13 |    29 ||    42
 Cast: Foxfire           |   101 |     3 ||   104
       Scorch            |     2 |       ||     2
  Use: Potion            |     1 |     4 ||     5
       Scroll            |       |     1 ||     1
 Stab: Sleeping          |     3 |       ||     3
Armor: Robe              |    11 |     2 ||    13
Dodge: Dodged            |    27 |    12 ||    39
